 Dungeon Crawl Stone Soup version 0.24.0-29-g8ce449bc06 (webtiles) character file.

Game seed: 9685452826626769496, levelgen mode: deterministic

73 Descartes the Scratcher (level 4, -4/19 HPs)
             Began as a Felid Transmuter on Nov 15, 2019.
             Killed from afar by an orc wizard (7 damage)
             ... with a puff of flame
             ... on level 3 of the Dungeon.
             The game lasted 00:04:11 (3259 turns).

Descartes the Scratcher (Felid Transmuter)          Turns: 3259, Time: 00:04:12

Health: -4/19      AC:  4    Str:  7    XL:     4   Next: 8%
Magic:  8/8        EV: 19    Int: 14    God:
Gold:   101        SH:  0    Dex: 16    Spells: 6/7 levels left
                                        Lives:  0   Deaths: 1

rFire    . . .     SeeInvis +     - Unarmed
rCold    . . .     Gourm    .   (shield unavailable)
rNeg     . . .     Faith    .   (armour unavailable)
rPois    .         Spirit   .   (helmet unavailable)
rElec    .         Reflect  .   (cloak unavailable)
rCorr    .         Harm     .   (gloves unavailable)
MR       .....                  (boots unavailable)
Stlth    +++.......             (no amulet)
HPRegen  0.06/turn              b - +3 ring of protection
MPRegen  0.11/turn              (no ring)

@: quick
A: very small, no armour, no weapons or thrown items, stealth, claws 1, fangs 3,
see invisible, carnivore, speed 1, shaggy fur 1, slow metabolism 1, sharp paws
a: no special abilities


You were on level 3 of the Dungeon.
You were completely stuffed.

You visited 1 branch of the dungeon, and saw 3 of its levels.

You collected 101 gold pieces.

Inventory:

Missiles
 a - 34 arrows
 d - 187 stones
Jewellery
 b - a +3 ring of protection (left paw)
 h - an uncursed ring of protection from fire {unknown}
Wands
 l - a wand of enslavement (10)
Scrolls
 e - 3 scrolls of remove curse {unknown}
 f - 5 scrolls of identify {unknown}
 j - a scroll of teleportation {unknown}
 m - a scroll of amnesia {unknown}
 n - a scroll of fog {unknown}
Potions
 g - a potion of might {unknown}
 i - a potion of haste {unknown}
 k - a potion of heal wounds {unknown}
Comestibles
 c - 6 rations
 o - 2 chunks of flesh


   Skills:
 - Level 1.0 Fighting
 + Level 4.0 Dodging
 + Level 3.0 Stealth
 * Level 4.4 Unarmed Combat
 - Level 2.0 Spellcasting
 - Level 2.1 Transmutations


You had 6 spell levels left.
You knew the following spells:

 Your Spells              Type           Power        Failure   Level  Hunger
a - Beastly Appendage     Tmut           #.....       10%         1    ##.....

Your spell library contained the following spells:

 Spells                   Type           Power        Failure   Level  Hunger
 Sticks to Snakes         Tmut           #.......     14%         2    ###....
 Spider Form              Tmut/Pois      #.........   41%         3    ####...
 Ice Form                 Ice/Tmut       #.......     83%         4    #####..
 Blade Hands              Tmut           #.........   95%         5    ######.


Dungeon Overview and Level Annotations

Branches:
Dungeon (3/15)

Altars:
Ashenzari
Cheibriados
Qazlal
Zin


Innate Abilities, Weirdness & Mutations

You cannot wear armour.
You are incapable of wielding weapons or throwing items.
Your paws allow you to move quietly. (Stealth)
You have sharp claws.
You have razor-sharp teeth.
You have supernaturally acute eyesight. (SInv)
You are carnivorous and can eat meat at any time.
You cover ground quickly.
You are covered in fur. (AC +1)
You have a slow metabolism.
Your sharp claws are effective at attacking unaware monsters.


Message History

You kill the rat!
No target in view!
No target in view!
Found a shattered altar of Ashenzari.
No target in view!
No target in view!
An orc wizard comes into view. It is wielding a +0 dagger.
The orc wizard shouts!
You hear a shout! x2
The orc wizard casts a spell at you. The puff of frost hits you!
Ouch! That really hurt!
* * * LOW HITPOINT WARNING * * *
An orc comes into view. It is wielding a +0 dagger.
You are too injured to fight recklessly!
You are too injured to fight recklessly!
Unknown command.
An orc comes into view. It is wielding a +0 whip.
The orc wizard gestures at you while chanting.
The puff of flame hits you!
You die...

. ###...._.... .. #####
#...#..)..## #. ...#
#.###☼...☼## #.o
#.####.#####.###. .o
####............# #
####o#.........#######
#..._..##.#.#..#
#..#.#.........########
# .. ###@..............
. ... ##..##..########
. ### #..##..# .
#..##..# #..##..#
...##..# ###..#..# #.
##.#... .. . #.


You could see an orc wizard and 2 orcs.

Vanquished Creatures
  3 adders
  A shadow imp (D:2)
  An ooze (D:2)
  2 worms (D:2)
  3 dart slugs
  A leopard gecko (D:1)
  3 orcs (D:3)
  8 bats
  A giant cockroach (D:3)
  6 goblins
  5 hobgoblins
  7 jackals
  A quokka (D:2)
  A ball python (D:2)
  4 frilled lizards
  9 kobolds
  4 rats
60 creatures vanquished.

Vanquished Creatures (others)
  A kobold (D:3)
1 creature vanquished.

Grand Total: 61 creatures vanquished

Notes
Turn   | Place    | Note
-------+----------+-------------------------------------------
     0 | D:1      | Descartes the Felid Transmuter began the quest for the Orb.
     0 | D:1      | Reached XP level 1. HP: 9/9 MP: 4/4
   229 | D:1      | Reached skill level 1 in Stealth
   229 | D:1      | Reached XP level 2. HP: 8/12 MP: 6/6
  1012 | D:2      | Reached XP level 3. HP: 6/15 MP: 7/7
  1579 | D:2      | Reached XP level 4. HP: 7/19 MP: 8/8
  1940 | D:2      | Found a snail-covered altar of Cheibriados.
  1940 | D:2      | Found a glowing silver altar of Zin.
  2227 | D:2      | Killed from afar by a shadow imp
  2228 | D:2      | Reached XP level 3. HP: -10/15 MP: 7/7
  2299 | D:2      | Found a snail-covered altar of Cheibriados.
  2300 | D:2      | Found a glowing silver altar of Zin.
  3126 | D:3      | Reached XP level 4. HP: 19/19 MP: 8/8
  3215 | D:3      | Found a stormy altar of Qazlal.
  3252 | D:3      | Found a shattered altar of Ashenzari.
  3259 | D:3      | Killed from afar by an orc wizard

Levels and vault maps discovered:
D:1:      dpeg_arrival_stonehenge_12_columns, layout_basic
D:2:      kennysheep_big_flooded_room, layout_basic,
          gammafunk_temple_overflow_wave
D:3:      layout_loops_ring, lemuel_crystal_altar, grunt_qazlal_clouds

Skill      XL: |  1  2  3  4 |
---------------+-------------+-----
Dodging        | 3 4 |  4.0
Stealth        | 1 2 3 |  3.0
Unarmed Combat | 4 |  4.4
Fighting       | |  1.0
Spellcasting   | |  2.0
Transmutations | |  2.1

Action                   |  1- 3 |  4- 6 || total
-------------------------+-------+-------++-------
Melee: Unarmed           |   160 |    46 ||   206
       Bite              |    19 |     2 ||    21
       Punch             |     4 |       ||     4
 Stab: Sleeping          |     6 |     1 ||     7
  Eat: Chunk             |    15 |     2 ||    17
Armor: Skin              |    23 |     5 ||    28
Dodge: Dodged            |   147 |    50 ||   197
